 Dungeon Crawl Stone Soup version 0.26.0-10-g1f06aea511 (webtiles) character file.

Game seed: 15287784116864879711

49 sanka the Firebug (level 3, 0/24 HPs)
             Began as a Vampire Fire Elementalist on Jan 16, 2021.
             Slain by a hobgoblin
             ... wielding a +0 club
             ... led by Robin
              (5 damage)
             ... on level 2 of the Dungeon.
             The game lasted 00:02:59 (1115 turns).

sanka the Firebug (Vampire Fire Elementalist)       Turns: 1115, Time: 00:02:59

Health: 0/24       AC:  2    Str:  7    XL:     3   Next: 53%
Magic:  0/6        EV: 12    Int: 18    God:
Gold:   77         SH:  0    Dex: 14    Spells: 5/6 levels left

rFire    . . .     SeeInvis +   (no weapon)
rCold    . . .     Faith    .   (no shield)
rNeg     . . .     Spirit   .   a - +0 robe
rPois    .         Reflect  .   (no helmet)
rElec    .         Harm     .   (no cloak)
rCorr    .         Rampage  .   (no gloves)
Will     .....                  (no boots)
Stlth    ++........             (no amulet)
HPRegen  0.28/turn              (no ring)
MPRegen  0.10/turn              (no ring)

@: regenerating quickly
A: fangs 3, see invisible, unbreathing
a: Exsanguinate


You were on level 2 of the Dungeon.
You visited 1 branch of the dungeon, and saw 2 of its levels.

You collected 77 gold pieces.


Innate Abilities, Weirdness & Mutations

Your natural rate of healing is unusually fast.
You have razor-sharp teeth.
You have supernaturally acute eyesight. (SInv)
You can survive without breathing.


   Skills:
 - Level 2.1 Dodging
 - Level 3.0 Stealth
 - Level 2.0 Spellcasting
 + Level 1.4 Conjurations
 * Level 3.4 Fire Magic


You had 5 spell levels left.
You knew the following spells:

 Your Spells              Type           Power        Failure   Level
z - Foxfire               Conj/Fire      40%          7%          1

Your spell library contained the following spells:

 Spells                   Type           Power        Failure   Level
 Conjure Flame            Conj/Fire      10%          21%         3
 Inner Flame              Hex/Fire       7%           26%         3
 Sticky Flame             Conj/Fire      10%          54%         4
 Fireball                 Conj/Fire      5%           88%         5

Inventory:

Armour
 a - a +0 robe (worn)
Scrolls
 b - 2 scrolls of identify {unknown}
 d - a scroll of remove curse {unknown}
Potions
 c - 2 potions of attraction {unknown}

Dungeon Overview and Level Annotations

Branches:
Dungeon (2/15)

Altars:

▒▒>....▒▒
▒▒......(▒▒▒▒▒▒▒▒
▒............▒▒..
▒................
▒.............(..
▒.......)........
▒....÷...........
.▒▒▒▒▒▒▒................
...)..vVg...............
.▒▒▒▒▒▒v.....)..).......
▒...................
▒..▒▒.......[........
▒..▒ ▒.>.........▒▒▒..
▒.▒ ▒▒.....).▒▒▒▒ ▒..
... ▒▒......▒ ▒▒▒ ▒▒
▒▒▒.▒▒.▒


You could see a hobgoblin.


Message History

Unknown command.
The foxfire hits the hobgoblin.
The hobgoblin is moderately wounded.
The foxfire hits Robin but does no damage.
Robin is almost dead.
You conjure some foxfire!
The hobgoblin hits you but does no damage.
Robin hits you with a +0 short sword.
Unknown command.
The foxfire hits Robin.
You kill Robin!
The foxfire hits the hobgoblin.
The hobgoblin is moderately wounded.
You see here an adder skeleton.
You hit the hobgoblin but do no damage.
The hobgoblin is moderately wounded.
The hobgoblin hits you with a +0 club.
* * * LOW HITPOINT WARNING * * *
You hit the hobgoblin but do no damage.
You bite the hobgoblin, but do no damage.
The hobgoblin is moderately wounded.
The hobgoblin hits you with a +0 club.
* * * LOW HITPOINT WARNING * * *
You hit the hobgoblin but do no damage.
The hobgoblin is moderately wounded.
The hobgoblin misses you.
The hobgoblin no longer looks unusually strong.
You conjure some foxfire!
The hobgoblin hits you with a +0 club.
You die...

Action                   || total
-------------------------++-------
Melee: Unarmed           ||    13
       Bite              ||     2
 Cast: Foxfire           ||    58
 Stab: Sleeping          ||     3
Armor: Robe              ||     3
Dodge: Dodged            ||    22

Levels and vault maps discovered:
D:1:      scummos_arrival_checkerplants, layout_loops_cross
D:2:      layout_rooms, grunt_temple_overflow_open,
          nicolae_qazlal_eye_of_the_storm, lemuel_crystal_altar, uniq_robin

Notes
Turn   | Place    | Note
-------+----------+-------------------------------------------
     0 | D:1      | sanka the Vampire Fire Elementalist began the quest for the
                  | Orb.
     0 | D:1      | Reached XP level 1. HP: 13/13 MP: 3/3
   360 | D:1      | Reached skill level 1 in Conjurations
   402 | D:1      | Reached XP level 2. HP: 19/19 MP: 5/5
   813 | D:2      | Reached skill level 3 in Fire Magic
   904 | D:2      | Reached XP level 3. HP: 24/24 MP: 2/6
   906 | D:2      | Noticed Robin
  1105 | D:2      | Killed Robin
  1115 | D:2      | Slain by a hobgoblin

Vanquished Creatures
  Robin (D:2)
  An adder (D:2)
  2 leopard geckos (D:1)
  9 goblins
  4 hobgoblins
  3 frilled lizards (D:1)
  3 kobolds
  3 rats (D:1)
26 creatures vanquished.

Vanquished Creatures (others)
  96 foxfires
96 creatures vanquished.

Grand Total: 122 creatures vanquished

Table legend: (Time is in decaauts)
 A = Elapsed time spent in this place.
 B = Non-inter-level travel time spent in this place.
 C = Inter-level travel time spent in this place.
 D = Time resting spent in this place.
 E = Time spent auto-exploring this place.
 F = Levels seen in this place.
 G = Mean time per level.
                   A        B        C        D        E       F      G
               +--------+--------+--------+--------+--------+-----+--------+
         Total |   1116 |   1109 |      7 |    372 |    469 |   2 |  558.0 |
       Dungeon |   1116 |   1109 |      7 |    372 |    469 |   2 |  558.0 |
               +--------+--------+--------+--------+--------+-----+--------+

Top non-repeatable levels by time:
     D:1: 890 daAuts
     D:2: 226 daAuts
